 Dungeon Crawl Stone Soup version 0.27-a0-1149-g4505690ab0 (webtiles) character file.

Game seed: 9371100290208331293

6 Sobieck the Shield-Bearer (level 2, -2/23 (24) HPs)
             Began as a Formicid Fighter on May 13, 2021.
             Slain by Dowan
             ... wielding a +1 dagger of draining
              (4 damage)
             ... on level 4 of the Dungeon.
             The game lasted 00:01:18 (306 turns).

Sobieck the Shield-Bearer (Formicid Fighter)         Turns: 306, Time: 00:01:18

HP:   -2/23 (24)    AC:  6    Str: 20    XL:     2   Next: 0%
MP:   2/2           EV:  7    Int:  7    God:
Gold: 0             SH:  9    Dex: 10    Spells: 1/1 levels left

rFire    . . .     SeeInvis +   a - +0 war axe {axe}
rCold    . . .     Faith    .   c - +0 kite shield
rNeg     . . .     Spirit   .   b - +0 scale mail
rPois    .         Reflect  .   (helmet unavailable)
rElec    .         Harm     .   (no cloak)
rCorr    .         Rampage  .   (no gloves)
Will     .....                  (no boots)
Stlth    ..........             (no amulet)
HPRegen  0.07/turn              (no ring)
MPRegen  0.08/turn              (no ring)

@: mighty, lightly drained
A: permanent stasis, dig shafts and tunnels, antennae 3, four strong arms
a: Dig, Shaft Self


You were on level 4 of the Dungeon.
You visited 2 branches of the dungeon, and saw 4 of its levels.


Innate Abilities, Weirdness & Mutations

You cannot be hasted, slowed, berserked, paralysed or teleported.
You can dig through walls and to a lower floor.
You have a pair of large antennae on your head. (SInv)
Your four strong arms can wield two-handed weapons with a shield.


   Skills:
 - Level 3.2 Fighting
 + Level 2.6 Axes
 - Level 3.2 Armour
 - Level 3.6 Shields


You had one spell level left.
You didn't know any spells.
Your spell library was empty.

Inventory:

Hand Weapons
 a - a +0 war axe (weapon) {axe}
Missiles
 e - 23 stones {throwing}
 f - 9 sling bullets
Armour
 b - a +0 scale mail (worn)
 c - a +0 kite shield (worn)
Jewellery
 h - a +6 ring of dexterity
   (You found it on level 4 of the Dungeon)
Potions
 g - a potion of heal wounds {unknown}

Dungeon Overview and Level Annotations

Branches:
Dungeon (4/15)             Temple (1/1) D:4

Altars:
Fedhas
Gozag
Kikubaaqudgha
Nemelex Xobeh
Qazlal
Sif Muna
Trog
Uskayaw
Vehumet
Wu Jian

Annotations:
D:4 Dowan

## #.. # #..# ### #
#...##e## #
#....#@# ....
.####.#.### ....#
......#e## ....#
.........#
....#........##.##
....#..#..#..#...#
....#..## #..##).#
....#..####..#.#..#
.......#..#....##.#


You could see Dowan.


Message History

The ball python constricts you.
You escape the ball python's grasp.
You block the ball python's attack. The ball python grabs you.
You stop descending the stairs.
The ball python constricts you.
You escape the ball python's grasp.
The ball python barely misses you. The ball python grabs you.
You stop descending the stairs.
* * * LOW HITPOINT WARNING * * *
The ball python constricts you.
The ball python bites you but does no damage. 😨 HP[-1]
You take 1 damage, and now have 8/18 hp.
You hit the ball python. You slash the ball python!
You kill the ball python!
The ball python barely misses you. The ball python grabs you.
The ball python constricts you. The ball python barely misses you.
The ball python constricts you.
You hit the ball python.
You kill the ball python!
You climb downwards.
Welcome to the Ecumenical Temple!
Found a bloodstained altar of Trog.
There is a staircase back to the Dungeon here.
Found an opulent altar of Gozag and a shimmering blue altar of Sif Muna.
You start resting.
You are no longer glowing. 😎 HP[+10]
Your hp is fully restored (18).
Found an ornate altar of the Wu Jian Council.
Found a radiant altar of Vehumet and an ancient bone altar of Kikubaaqudgha.
There is an ornate altar of the Wu Jian Council here.
Found a sparkling altar of Nemelex Xobeh.
There is a fountain of clear blue water here.
Found a stormy altar of Qazlal.
There is a stormy altar of Qazlal here.
Found a blossoming altar of Fedhas.
Found a hide-covered altar of Uskayaw.
There is a hide-covered altar of Uskayaw here.
Done exploring.
Done exploring.
(D) Dungeon (T) Temple
Where to? (? - help)
There is a staircase back to the Dungeon here.
You climb upwards.
Welcome back to the Dungeon!
Level annotation: Dowan
There is a staircase to the Ecumenical Temple here.
h - a +6 ring of dexterity Dowan casts a spell.
Dowan blinks!
An orc comes into view. It is wielding a +0 flail.
The orc shouts!
An orc opens the door.
You extend your mandibles.
You dig through the rock wall.
You dig through the rock wall.
You dig through the rock wall.
You retract your mandibles.
Your shield prevents you from hitting the orc.
The orc hits you but does no damage. The orc barely misses you.
Your shield prevents you from hitting the orc.
The orc hits you with a +0 flail! 😮 HP[-8]
You take 8 damage, and now have 10/18 hp.
MASSIVE DAMAGE!! (PAUSE)
You hit the orc. The orc barely misses you. You block the orc's attack.
You hit the orc.
You kill the orc!
You have reached level 2! 😮 HP[+3] MP[+1]
You now have 24 max hp (+6).
You regained 3 hp, and now have 13/24 hp.
Your mp is fully restored (2).
Dowan says, "Magic and the sword, together, will defeat you." 😮 HP[+1]
You extend your mandibles.
You dig through the rock wall.
Dowan points at you and mumbles some strange words.
You block the puff of flame.
You dig through the rock wall.
You start resting.
Dowan is nearby!
You retract your mandibles.
You hit Dowan.
Dowan hits you with a +1 dagger of draining.
* * * LOW HITPOINT WARNING * * *
You feel drained.
* * * LOW HITPOINT WARNING * * *
😨 HP[-4]
You now have 23 max hp (-1).
You take 4 damage, and now have 10/23 hp.
You hit Dowan. You block Dowan's attack. Dowan casts a spell at you.
The puff of frost hits you!
* * * LOW HITPOINT WARNING * * *
😱 HP[-8]
You take 8 damage, and now have 2/23 hp.
MASSIVE DAMAGE!! (PAUSE)
You feel very mighty all of a sudden.
Dowan hits you with a +1 dagger of draining.
You die...

Action                   || total
-------------------------++-------
Melee: War axe           ||    16
 Abil: Dig               ||     3
       Shaft Self        ||     2
  Use: Potion            ||     1
Armor: Scale mail        ||    13
Dodge: Dodged            ||    10
Block: Kite shield       ||    17

Levels and vault maps discovered:
D:1:      dpeg_arrival_signposts, layout_basic, basic_ecumenical_altar
D:2:      layout_loops_corners, uniq_natasha
D:4:      layout_basic, grunt_temple_overflow_order_and_chaos_1,
          minmay_temple_entry_wispy, ebering_ghost_disaster_area, serial_shops,
          nicolae_shop_statue_plus, hangedman_decor_growths, interstate_on_off,
          uniq_duvessa, uniq_menkaure
Temple:   eino_wide_crystal_templ

Notes
Turn   | Place    | Note
-------+----------+-------------------------------------------
     0 | D:1      | Sobieck the Formicid Fighter began the quest for the Orb.
     0 | D:1      | Reached XP level 1. HP: 18/18 MP: 1/1
     0 | D:1      | magus.rc [v1.9.6]
    17 | D:1      | You fall into a shaft and drop 1 floor!
    39 | D:2      | You fall into a shaft and drop 2 floors!
    39 | D:4      | Found a staircase to the Ecumenical Temple.
    40 | D:4      | Noticed Dowan
    54 | Temple   | Entered the Ecumenical Temple
   295 | D:4      | Reached XP level 2. HP: 13/24 MP: 2/2
   305 | D:4      | HP: 2/23 [Dowan/puff of frost (8)]
   306 | D:4      | Slain by Dowan

Vanquished Creatures
  An orc (D:4)
  A jackal (D:2)
  A kobold (D:2)
  2 ball pythons (D:4)
5 creatures vanquished.

Table legend:
 A = Non-vault XP
 B = Vault XP
 C = Vault XP percentage of total XP
 D = Non-vault monster count
 E = Vault monster count
 F = Vault count percentage of total count
                 A         B        C        D         E       F
            +---------+---------+-------+---------+---------+-------
      Total |       9 |       0 |   0.0 |       5 |       0 |   0.0
            +---------+---------+-------+---------+---------+-------
        D:2 |       4 |       0 |   0.0 |       2 |       0 |   0.0
        D:4 |       5 |       0 |   0.0 |       3 |       0 |   0.0
            +---------+---------+-------+---------+---------+-------

Illustrated notes

Table legend:
 A = Kills in this place as a percentage of kills in entire the game.
 B = Kills by you in this place as a percentage of kills by you in the entire game.
 C = Kills by friends in this place as a percentage of kills by friends in the entire game.
 D = Other kills in this place as a percentage of other kills in the entire game.
 E = Experience gained in this place as a percentage of experience gained in the entire game.
 F = Experience gained in this place divided by the number of levels of this place that you have seen.
                   A       B       C       D       E      F
               +-------+-------+-------+-------+-------+----------------------
         Total | 100.0 | 100.0 |   N/A |   N/A | 100.0 |   2.2
       Dungeon | 100.0 | 100.0 |   N/A |   N/A | 100.0 |   3.0
               +-------+-------+-------+-------+-------+----------------------

Table legend: (Time is in decaauts)
 A = Elapsed time spent in this place.
 B = Non-inter-level travel time spent in this place.
 C = Inter-level travel time spent in this place.
 D = Time resting spent in this place.
 E = Time spent auto-exploring this place.
 F = Levels seen in this place.
 G = Mean time per level.
                   A        B        C        D        E       F      G
               +--------+--------+--------+--------+--------+-----+--------+
         Total |    316 |    303 |     13 |    157 |     40 |   4 |   79.0 |
       Dungeon |    106 |    105 |      1 |      2 |      0 |   3 |   35.3 |
        Temple |    209 |    197 |     12 |    155 |     40 |   1 |  209.0 |
               +--------+--------+--------+--------+--------+-----+--------+

Top non-repeatable levels by time:
  Temple: 209 daAuts
     D:4: 62 daAuts
     D:2: 26 daAuts
     D:1: 17 daAuts
